 Dungeon Crawl Stone Soup version 0.23.2-1-ga50397a (webtiles) character file.

Game seed: 3852748201975675260

204 xelsha the Shield-Bearer (level 5, -3/47 HPs)
             Began as a Gnoll Fighter on Apr 21, 2019.
             Killed by nerve-wracking pain
             ... invoked by Jessica
              (8 damage)
             ... on level 3 of the Dungeon.
             The game lasted 00:04:01 (1502 turns).

xelsha the Shield-Bearer (Gnoll Fighter)            Turns: 1502, Time: 00:04:03

Health: -3/47      AC:  9    Str: 18    XL:     5   Next: 82%
Magic:  7/7        EV:  8    Int: 12    God:
Gold:   130        SH: 10    Dex: 14    Spells: 7/7 levels left

rFire    . . .     SeeInvis .   a - +0 trident
rCold    . . .     Gourm    .   c - +0 shield
rNeg     . . .     Faith    .   b - +0 scale mail
rPois    .         Spirit   .   (no helmet)
rElec    .         Reflect  .   (no cloak)
rCorr    .         Harm     .   n - +0 pair of gloves
MR       .....                  (no boots)
Stlth    ..........             (no amulet)
HPRegen  0.15/turn              (no ring)
MPRegen  0.10/turn              (no ring)

@: lethally poisoned (-3 -> -5)
A: distributed training, fangs 1, strong nose
a: no special abilities


You were on level 3 of the Dungeon.
You were very hungry.

You visited 1 branch of the dungeon, and saw 3 of its levels.

You collected 130 gold pieces.

Inventory:

Hand Weapons
 a - a +0 trident (weapon)
Missiles
 h - 12 poisoned needles
 l - 18 bolts
 m - 7 needles of paralysis
 v - 18 arrows
Armour
 b - a +0 scale mail (worn)
 c - a +0 shield (worn)
 k - a +0 ring mail
 n - a +0 pair of gloves (worn)
Jewellery
 q - a +3 ring of evasion {unknown}
 s - an uncursed ring of positive energy {unknown}
 t - a cursed ring of teleportation {unknown}
 u - a +6 ring of strength {unknown}
Scrolls
 e - 2 scrolls of identify {unknown}
 g - a scroll of enchant armour {unknown}
 j - a scroll of magic mapping {unknown}
 o - 2 scrolls of noise {unknown}
 r - a scroll of blinking {unknown}
Potions
 d - 2 potions of might
 i - a potion of curing {unknown}
 p - 2 potions of agility {unknown}
Comestibles
 f - 5 rations


   Skills:
 + Level 6.7 Fighting
 + Level 1.6 Short Blades
 + Level 1.6 Long Blades
 + Level 1.6 Axes
 + Level 1.6 Maces & Flails
 + Level 4.8 Polearms
 + Level 1.6 Staves
 + Level 1.6 Slings
 + Level 1.6 Bows
 + Level 1.6 Crossbows
 + Level 1.6 Throwing
 + Level 6.7 Armour
 + Level 1.6 Dodging
 + Level 1.6 Stealth
 + Level 6.7 Shields
 + Level 1.6 Unarmed Combat
 + Level 1.6 Spellcasting
 + Level 1.3 Conjurations
 + Level 1.3 Hexes
 + Level 1.3 Charms
 + Level 1.3 Summonings
 + Level 1.3 Necromancy
 + Level 1.3 Translocations
 + Level 1.3 Transmutations
 + Level 1.3 Fire Magic
 + Level 1.3 Ice Magic
 + Level 1.3 Air Magic
 + Level 1.3 Earth Magic
 + Level 1.3 Poison Magic
 + Level 1.8 Invocations
 + Level 1.6 Evocations


You had 7 spell levels left.
You didn't know any spells.
Your spell library was empty.

Dungeon Overview and Level Annotations

Branches:
Dungeon (3/15)

Altars:
Qazlal
Vehumet
Wu Jian

Annotations:
D:3 Jessica


Innate Abilities, Weirdness & Mutations

Your experience applies equally to all skills.
You have very sharp teeth.
Your uncanny sense of smell can sniff out nearby items.


Message History

You feel sick.
Jessica gestures wildly.
You feel sick. You block Jessica's attack.
You are too injured to fight recklessly!
You hit Jessica.
Jessica is moderately wounded.
You feel sick. Jessica hits you but does no damage.
Your shield and scale mail prevent you from hitting Jessica.
Jessica is moderately wounded.
Jessica gestures wildly while chanting.
Jessica blinks!
You feel sick.
The goblin shoots a stone.
You block the stone.
You see here a stone.
Jessica casts a spell at you. Pain shoots through your body!
* * * LOW HITPOINT WARNING * * *
You feel sick.
Jessica points at you and mumbles some strange words.
Pain shoots through your body!
You die...

#...# ...... ....
#...####(..... #....####
#.((((.)...... ........#
#w....()...... ........#
#..(.......... ........#
#...##'####### ........#
#...##.#
........######g..##.#
.........@@..(...##.#
........###+###..##.#
#####...# #.# #.###.#
#...###.###.# .#
#...'.._###.###'#######
####...###.###.#..........
#......# #.# #............
#.)....###'###............
#..............#..........


You could see Jessica and a goblin.

Vanquished Creatures
  A centaur (D:3)
  Terence (D:3)
  4 adders
  A worm (D:2)
  2 dart slugs (D:1)
  3 orcs (D:3)
  10 bats
  3 giant cockroaches
  6 goblins
  6 hobgoblins
  6 kobolds
  5 frilled lizards
  5 rats
53 creatures vanquished.

Vanquished Creatures (others)
  A leopard gecko (D:2)
1 creature vanquished.

Grand Total: 54 creatures vanquished

Notes
Turn   | Place    | Note
-------+----------+-------------------------------------------
     0 | D:1      | xelsha the Gnoll Fighter began the quest for the Orb.
     0 | D:1      | Reached XP level 1. HP: 23/23 MP: 1/1
    83 | D:1      | Reached XP level 2. HP: 27/29 MP: 2/2
   446 | D:1      | Reached XP level 3. HP: 35/35 MP: 3/3
   612 | D:2      | Found a radiant altar of Vehumet.
   629 | D:2      | Found a stormy altar of Qazlal.
   745 | D:2      | Reached skill level 1 in Invocations
   814 | D:2      | Found a faded altar of an unknown god.
   845 | D:2      | Reached skill level 1 in Short Blades
   845 | D:2      | Reached skill level 1 in Long Blades
   845 | D:2      | Reached skill level 1 in Axes
   845 | D:2      | Reached skill level 1 in Maces & Flails
   845 | D:2      | Reached skill level 1 in Staves
   845 | D:2      | Reached skill level 1 in Slings
   845 | D:2      | Reached skill level 1 in Bows
   845 | D:2      | Reached skill level 1 in Crossbows
   845 | D:2      | Reached skill level 1 in Throwing
   845 | D:2      | Reached skill level 1 in Dodging
   845 | D:2      | Reached skill level 1 in Stealth
   845 | D:2      | Reached skill level 1 in Unarmed Combat
   845 | D:2      | Reached skill level 1 in Spellcasting
   845 | D:2      | Reached skill level 1 in Evocations
   845 | D:2      | Reached XP level 4. HP: 40/41 MP: 5/5
  1263 | D:3      | Reached skill level 1 in Conjurations
  1263 | D:3      | Reached skill level 1 in Hexes
  1263 | D:3      | Reached skill level 1 in Charms
  1263 | D:3      | Reached skill level 1 in Summonings
  1263 | D:3      | Reached skill level 1 in Necromancy
  1263 | D:3      | Reached skill level 1 in Translocations
  1263 | D:3      | Reached skill level 1 in Transmutations
  1263 | D:3      | Reached skill level 1 in Fire Magic
  1263 | D:3      | Reached skill level 1 in Ice Magic
  1263 | D:3      | Reached skill level 1 in Air Magic
  1263 | D:3      | Reached skill level 1 in Earth Magic
  1263 | D:3      | Reached skill level 1 in Poison Magic
  1430 | D:3      | Found an ornate altar of the Wu Jian Council.
  1450 | D:3      | Noticed Terence
  1450 | D:3      | Noticed a centaur
  1458 | D:3      | Killed Terence
  1458 | D:3      | Reached XP level 5. HP: 36/47 MP: 6/6
  1467 | D:3      | Killed a centaur
  1485 | D:3      | Noticed Jessica
  1502 | D:3      | Killed from afar by Jessica

Skill      XL: |  1  2  3  4 |
---------------+-------------+-----
Invocations    | 1 |  1.8
Short Blades   | 1 |  1.6
Long Blades    | 1 |  1.6
Axes           | 1 |  1.6
Maces & Flails | 1 |  1.6
Staves         | 1 |  1.6
Slings         | 1 |  1.6
Bows           | 1 |  1.6
Crossbows      | 1 |  1.6
Throwing       | 1 |  1.6
Dodging        | 1 |  1.6
Stealth        | 1 |  1.6
Unarmed Combat | 1 |  1.6
Spellcasting   | 1 |  1.6
Evocations     | 1 |  1.6
Conjurations   | 1 |  1.3
Hexes          | 1 |  1.3
Charms         | 1 |  1.3
Summonings     | 1 |  1.3
Necromancy     | 1 |  1.3
Translocations | 1 |  1.3
Transmutations | 1 |  1.3
Fire Magic     | 1 |  1.3
Ice Magic      | 1 |  1.3
Air Magic      | 1 |  1.3
Earth Magic    | 1 |  1.3
Poison Magic   | 1 |  1.3
Fighting       | |  6.7
Polearms       | |  4.8
Armour         | |  6.7
Shields        | |  6.7

Action                   |  1- 3 |  4- 6 || total
-------------------------+-------+-------++-------
Melee: Trident           |   115 |    71 ||   186
       Bite              |     9 |     2 ||    11
  Eat: Chunk             |       |     1 ||     1
Armor: Scale mail        |    29 |    40 ||    69
Dodge: Dodged            |    17 |    27 ||    44
Block: Shield            |    56 |    45 ||   101
